 Dungeon Crawl Stone Soup version 0.18-a0-750-g37044d6 (webtiles) character file.

293335 DarthRa the Imperceptible (level 20, -1/183 HPs)
             Began as a Deep Dwarf Artificer on Dec 5, 2015.
             Was a Follower of Pakellas.
             Slain by a vault warden
             ... wielding a +0 long sword
              (31 damage)
             ... on level 4 of the Vaults on Dec 12, 2015.
             The game lasted 09:30:25 (53016 turns).

DarthRa the Imperceptible (Deep Dwarf Artificer)   Turns: 53016, Time: 09:30:25

Health: -1/183     AC: 23    Str: 14    XL:     20   Next: 1%
Magic:  11/21      EV: 26    Int: 22    God:    Pakellas [*.....]
Gold:   652        SH:  9    Dex: 25    Spells: 0 memorised, 19 levels left

rFire  . . .     SeeInvis +     a - +8 dagger of the Median {pierce, rPois MR+}
rCold  + + +     Clarity  .     O - +2 scale mail of the Rabble {MR+ Str+4 Dex+4}
rNeg   + + +     SustAt   .     Z - +3 buckler of Exkut {rCorr}
rPois  +         Gourm    .     J - +2 helmet {Int+3}
rElec  +         Spirit   .     x - +0 cloak
rCorr  +         Dismiss  .     m - +2 pair of gloves
rMut   .         Stasis   .     B - +2 pair of boots {rC+}
MR     +++++                    (no amulet)
Stlth  +++.......               D - ring of Soeguf {+Inv rF+ Str-5 Dex+9 SInv}
                                n - ring "Onog Laaziu" {Ice rElec rN++ Int+3 Dex-3}

@: contaminated, non-regenerating, glowing, invisible (but backlit and visible),
almost entirely resistant to hostile enchantments, fairly stealthy
A: damage resistance, recharge devices, blurry vision 2, clumsy 2, cold
resistance 1, deterioration 2, low mp 2, negative energy resistance 1, sense
surroundings 3, screaming 1, slow regeneration 3
a: Device Recharging, Quick Charge, Renounce Religion, Turn Visible
}: 2/15 runes: decaying, gossamer


You were on level 4 of the Vaults.
You worshipped Pakellas.
Pakellas was aware of your devotion.
You were not hungry.

You visited 7 branches of the dungeon, and saw 40 of its levels.
You visited 1 bazaar.
You also visited: Bailey and Ice Cave.

You collected 5360 gold pieces.
You spent 4599 gold pieces at shops.

Inventory:

Hand Weapons
 a - the +8 dagger of the Median (weapon) {pierce, rPois MR+}
   (You bought it in a shop on level 9 of the Dungeon)

   It inflicts extra damage upon your enemies.
   It protects you from poison.
   It affects your resistance to hostile enchantments.
 b - a +5 demon blade of electrocution
Missiles
 i - 51 tomahawks of returning (quivered)
Armour
 m - a +2 pair of gloves (worn)
 x - a +0 cloak (worn)
 B - a +2 pair of boots of cold resistance (worn)
 J - a +2 helmet of intelligence (worn)
 O - the +2 scale mail of the Rabble (worn) {MR+ Str+4 Dex+4}
   (You bought it in a shop in a bazaar)

   It affects your strength (+4).
   It affects your dexterity (+4).
   It affects your resistance to hostile enchantments.
 Z - the +3 buckler of Exkut (worn) {rCorr}
   (You found it on level 9 of the Dungeon)

   It protects you from acid and corrosion.
Rods
 y - a +0 rod of destruction (14/14)
   (Pakellas gifted it to you on level 1 of the Lair of Beasts)
 E - a +4 rod of the swarm (9/9)
   (Pakellas gifted it to you on level 3 of the Orcish Mines)
Jewellery
 k - the amulet of Yssyzxet {Stasis Str+6 Dex+4}
   (You bought it in a shop on level 13 of the Dungeon)

   [amulet of stasis]

   It prevents you from being teleported, slowed, hasted or paralysed.
   It affects your strength (+6).
   It affects your dexterity (+4).
 n - the ring "Onog Laaziu" (left hand) {Ice rElec rN++ Int+3 Dex-3}
   (You found it on level 1 of the Lair of Beasts)

   [ring of ice]

   It enhances your ice magic, and weakens your fire magic.
   It affects your intelligence (+3).
   It affects your dexterity (-3).
   It makes you vulnerable to fire.
   It protects you from cold.
   It insulates you from electricity.
   It greatly protects you from negative energy.
 D - the ring of Soeguf (right hand) {+Inv rF+ Str-5 Dex+9 SInv}
   (You bought it in a shop on level 9 of the Dungeon)

   [ring of see invisible]

   It affects your strength (-5).
   It affects your dexterity (+9).
   It protects you from fire.
   It lets you see invisible.
   It lets you turn invisible.
Wands
 f - a wand of heal wounds (0)
 h - a wand of paralysis (12)
 u - a wand of confusion (5)
 A - a wand of disintegration (3)
 H - a wand of fireball (9)
 I - a wand of enslavement (3)
 K - a wand of teleportation (6)
 P - a wand of digging (8)
 R - a wand of cold (11)
 T - a wand of fire (12)
 V - a wand of hasting (7)
 W - a wand of draining (10)
Scrolls
 j - 3 scrolls of summoning
 l - a scroll of magic mapping
 p - 8 scrolls of fog
 s - 4 scrolls of recharging
 X - 5 scrolls of teleportation
 Y - 2 scrolls of blinking
Potions
 d - a potion of berserk rage
 e - 3 potions of heal wounds
 o - a potion of haste
 r - 2 potions of resistance
 v - 2 potions of agility
 z - a potion of flight
 M - 3 potions of might
Miscellaneous
 c - a phantom mirror
 q - a sack of spiders {used: 2}
 t - a disc of storms
 C - a stone of tremors
 F - a piece from Xom's chessboard
 G - a plain deck of summoning {drawn: 1}
 N - a phial of floods
 Q - a box of beasts {used: 1}
 S - an ornate deck of changes {drawn: 3}
 U - a lamp of fire
Comestibles
 g - 16 bread rations
 w - 2 chunks of flesh


   Skills:
 + Level 12.2 Fighting
 + Level 13.0 Short Blades
 - Level 6.8 Throwing
 - Level 13.0 Armour
 * Level 18.9 Dodging
 + Level 21.2 Stealth
 - Level 4.4 Shields
 + Level 16.6 Evocations


You had 19 spell levels left.
You didn't know any spells.

Dungeon Overview and Level Annotations

Branches:
Dungeon (15/15)            Temple (1/1) D:4            Lair (8/8) D:9
  Swamp (4/4) Lair:5       Spider (4/4) Lair:3        Slime (0/6) Lair:7
    Orc (4/4) D:10            Elf (0/3) Orc:3        Vaults (4/5) D:14
  Crypt (0/3) Vaults:3     Depths (0/5) D:15

Altars:
Ashenzari
Cheibriados
Dithmenos
Elyvilon
Fedhas
Gozag
Kikubaaqudgha
Makhleb
Nemelex Xobeh
Pakellas
Qazlal
Ru
Sif Muna
Trog
Vehumet
Xom
Yredelemnul
Zin
Beogh
Jiyva

Shops:
D:6 }   D:9 =?=!(   D:13 [[*(=   Orc:4 *!(:

Portals:
Pandemonium: Orc:4

Annotations:
D:4 Menkaure
D:7 Arkorax's ghost, novice HaGl


Innate Abilities, Weirdness & Mutations

You are resistant to damage.
You can recharge devices by infusing magical energy.
You resist negative energy.
You passively map a large area around you.
You do not regenerate naturally.
Scrolls take you longer to read.
You are very clumsy. (Dex -4)
Your flesh is cold resistant.
Your body often deteriorates upon taking damage.
Your magical capacity is very low (-20% MP).
You occasionally shout uncontrollably at your foes.


Message History

The tengu reaver hits your vault sentinel with a great mace!
The tengu reaver pecks your vault sentinel!
Your vault sentinel dies!
The ironbrand convoker points at the tengu reaver and mumbles some strange words.
The tengu reaver seems to grow stronger.
The vault warden hits you with a long sword!!!
* * * LOW HITPOINT WARNING * * *
Evoke which item? (* to show all) (? for menu, Esc to quit)
Zapping:
f - a wand of heal wounds (1)
Press: ? - help, Shift-Dir - straight line, f - you You feel much better.
This wand has 0 charges left.
You block the war gargoyle's attack.
The vault warden shoots a steel bolt.
The steel bolt hits you!!
* * * LOW HITPOINT WARNING * * *
You block the ironbrand convoker's attack.
The tengu reaver mumbles some strange words.
The tengu reaver conjures a globe of magical energy!
You block the orc knight's attack.
The vault warden hits you with a long sword!!
You die...

##.# #.......# ....., ,
#### #.......# ..... ,
, #.....(p# ...,,, *,,,
##############'###+###
*
.....................#
* *
................)....#
,,*
.................Q...#*
................*o...#
* ** ,
........().....9@pp..#
,,
################p....#
* , , #.....##. ,,
#.....#.., ,, ,
#.....+..., ,
#.....##.. *, , #.....#
## .. ###########
#.....# *


p.Z , ..#..#....# #.....# , #uZ You could see 3 vault wardens, a tengu reaver,
an orc knight, a war gargoyle, an ironbrand convoker and a battlesphere.

Vanquished Creatures
  A bone dragon (Vaults:3)
  Asterion (Vaults:2)
  A sphinx (Vaults:4)
  A thorn hunter (Swamp:4)
  A fire giant (Vaults:2)
  A tengu reaver (Vaults:4)
  Maud (D:12)
  A deep elf sorcerer (Vaults:1)
  3 ghost moths (Spider:4)
  2 emperor scorpions (Spider:4)
  7 vault wardens
  7 ironheart preservers
  3 very ugly things (Vaults:4)
  5 stone giants
  A deep elf demonologist (Vaults:1)
  3 spark wasps
  A deep elf death mage (Vaults:1)
  An ettin (Vaults:3)
  Erolcha (D:8)
  3 fire dragons
  Josephine (Lair:7)
  6 yaktaur captains
  A crystal guardian (Vaults:3)
  8 vault guards
  A great orb of eyes (Vaults:1)
  An ice dragon (Vaults:1)
  A small abomination (Vaults:1)
  Harold (D:10)
  4 entropy weavers
  24 hydras
  4 ghost crabs
  A catoblepas (Lair:8)
  6 alligators
  Erica (D:10)
  2 rakshasas (Vaults:1)
  9 centaur warriors
  A queen ant (Lair:7)
  4 death yaks (Lair:5)
  8 ogre magi
  4 orc high priests (Orc:4)
  A deep troll earth mage (D:12)
  3 spriggan berserkers (Swamp:4)
  5 hell knights (Vaults:2)
  A shadow wraith (Vaults:3)
  A soul eater (Orc:4)
  A deep elf knight (Vaults:2)
  5 skeletal warriors (Vaults:2)
  3 fire crabs
  A spriggan druid (Swamp:4)
  2 giant orange brains
  A shambling mangrove (Swamp:4)
  10 swamp dragons
  A flayed ghost (Vaults:3)
  3 unseen horrors
  8 hill giants
  A deep elf summoner (Vaults:1)
  A torturous demonspawn (Orc:4)
  A harpy (shapeshifter) (Vaults:4)
  18 ironbrand convokers
  2 necromancers
  A deep elf conjurer (Vaults:3)
  15 orc knights
  A wizard (Vaults:2)
  23 ugly things
  A frost giant zombie (Vaults:1)
  7 griffons
  3 human zombies (Vaults:1)
  29 wolf spiders
  A wolf spider (shapeshifter) (Vaults:3)
  9 cyclopes
  A stone giant zombie (Vaults:1)
  3 orc sorcerers
  8 hornets
  3 manticores
  An elephant (shapeshifter) (Vaults:4)
  12 orb spiders
  6 elephants (Lair:5)
  6 black mambas
  Joseph (D:8)
  4 vault sentinels
  2 ice statues
  34 spiny frogs
  A gargoyle (D:12)
  An orange demon (Orc:4)
  2 centaur skeletons
  16 komodo dragons
  4 kobold demonologists
  A hellwing (Orc:4)
  5 deep elf priests
  An efreet (D:15)
  9 fire drakes
  21 yaktaurs
  11 ice devils
  22 jumping spiders
  12 demonic crawlers
  11 polar bears
  11 two-headed ogres
  10 trolls
  7 freezing wraiths
  Grinder (D:4)
  4 boulder beetles
  7 giant leeches
  56 slime creatures
  A queen bee (Lair:3)
  8 bog bodies
  2 raiju (Lair:8)
  26 blink frogs
  7 spriggans
  12 trapdoor spiders
  37 redbacks
  A shadow (Swamp:2)
  A wraith (Vaults:1)
  16 tarantellas
  10 basilisks
  12 wyverns
  71 yaks
  5 deep elf magi
  2 golden eyes (shapeshifter)
  19 wolves
  37 vampire mosquitoes
  8 wargs
  7 deep elf fighters
  2 mottled dragons (D:15)
  11 hippogriffs
  3 hell hounds (Lair:8)
  19 swamp worms
  A hungry ghost (D:12)
  16 insubstantial wisps
  15 water moccasins
  8 soldier ants (Lair:7)
  Duvessa (D:7)
  7 porcupines
  5 sky beasts
  10 wasps
  17 swamp drakes
  An eye of draining (shapeshifter) (Vaults:4)
  13 black bears
  42 orc warriors
  An eye of draining (D:11)
  2 phantoms
  9 ice beasts
  2 big kobolds
  36 ogres
  7 centaurs
  16 crocodiles
  25 giant frogs
  A gnoll sergeant (D:8)
  Dowan (D:7)
  A wyvern skeleton (D:14)
  4 electric eels
  46 killer bees
  5 crimson imps
  5 wights (D:8)
  A human simulacrum (Vaults:2)
  A centaur zombie (D:11)
  17 hounds
  2 giant frog zombies
  A giant frog skeleton (D:4)
  5 jellies
  34 orc priests
  A wasp zombie (D:10)
  7 iguanas
  17 orc wizards
  16 sheep
  37 worker ants
  A hound zombie (D:4)
  A hound skeleton (D:6)
  A worker ant zombie (D:10)
  15 gnolls
  45 river rats
  14 adders
  5 shadow imps
  17 white imps
  7 ufetubi (IceCv)
  An adder skeleton (D:5)
  8 worms
  2 giant geckos
  199 orcs
  7 bats
  9 giant cockroaches
  14 hobgoblins
  17 jackals
  23 kobolds
  12 quokkas
  A ball python (D:1)
  5 giant newts
  11 goblins
  A jackal skeleton (D:5)
  2 jackal zombies (D:5)
  2 quokka skeletons
  3 rats
  6 crawling corpses (Vaults:1)
  A plant (Lair:6)
1769 creatures vanquished.

Vanquished Creatures (collateral kills)
  Jorgrun (Spider:4)
  2 vault wardens (Vaults:1)
  A very ugly thing (Vaults:4)
  8 vault guards
  A yaktaur captain (Vaults:1)
  2 orc high priests (Orc:4)
  A putrid demonspawn (Orc:4)
  2 wolf spiders
  2 orc sorcerers (Orc:4)
  2 ironbrand convokers
  A griffon (Lair:6)
  A spiny frog (Swamp:2)
  A torpor snail (Spider:2)
  A komodo dragon (Lair:1)
  An ice devil (Orc:4)
  A yaktaur (Vaults:1)
  2 demonic crawlers
  2 fire drakes (Lair:6)
  A two-headed ogre (Vaults:3)
  A bog body (Swamp:4)
  3 jumping spiders
  4 tarantellas
  2 yaks
  3 redbacks (Spider:2)
  A spriggan (Swamp:2)
  3 wraiths (Lair:7)
  A warg (Orc:3)
  2 swamp drakes (Swamp:4)
  A hell hound (Lair:6)
  An orc warrior (Orc:4)
  A wasp (Swamp:2)
  2 killer bees (Lair:3)
  A crimson imp (D:14)
  5 orc priests (Orc:4)
  15 orcs
79 creatures vanquished.

Vanquished Creatures (others)
  An ironheart preserver (Vaults:3)
  A vault guard (Vaults:3)
  2 hydras
  An orc sorcerer (Orc:4)
  A cyclops (Vaults:1)
  A swamp dragon (Swamp:4)
  An orc knight (Orc:4)
  2 vault sentinels
  2 yaktaurs
  A mana viper (shapeshifter) (D:12)
  A redback (Spider:4)
  5 yaks
  An ogre (Orc:3)
  4 orc warriors (Orc:4)
  A hell hound (Lair:6)
  2 swamp drakes (Swamp:4)
  A big kobold (Swamp:3)
  3 white imps
  4 ufetubi (IceCv)
  An orc (D:11)
  3 bushes (Lair:8)
  38 fungi
  14 plants
91 creatures vanquished.

Grand Total: 1939 creatures vanquished

Notes
Turn   | Place    | Note
--------------------------------------------------------------
     0 | D:1      | DarthRa the Deep Dwarf Artificer began the quest for the Orb.
     0 | D:1      | Reached XP level 1. HP: 16/16 MP: 3/3
    86 | D:1      | Reached skill level 1 in Fighting
   432 | D:1      | Reached XP level 2. HP: 18/25 MP: 5/5
   837 | D:2      | Found a basalt altar of Yredelemnul.
   923 | D:2      | Reached XP level 3. HP: 18/31 MP: 6/6
  1114 | D:2      | Found a snail-covered altar of Cheibriados.
  1115 | D:2      | Found a shimmering altar of Xom.
  1122 | D:2      | Reached skill level 1 in Short Blades
  1134 | D:2      | Found a deep blue altar of Sif Muna.
  1194 | D:2      | Found a sacrificial altar of Ru.
  1867 | D:3      | Reached XP level 4. HP: 24/38 MP: 7/7
  2161 | D:3      | Reached skill level 1 in Throwing
  2307 | D:3      | Found an opulent altar of Gozag.
  2859 | D:4      | Reached XP level 5. HP: 23/44 MP: 8/8
  2940 | D:4      | Found a staircase to the Ecumenical Temple.
  2965 | Temple   | Entered the Ecumenical Temple
  2981 | Temple   | Became a worshipper of Pakellas the Inventive
  3372 | D:4      | Noticed an ice beast
  3399 | D:4      | Killed an ice beast
  3433 | D:4      | Noticed Grinder
  3462 | D:4      | Paralysed by Grinder for 5 turns
  3467 | D:4      | Killed Grinder
  3467 | D:4      | Reached skill level 5 in Stealth
  3467 | D:4      | Reached XP level 6. HP: 24/51 MP: 9/9
  3875 | D:4      | Reached XP level 7. HP: 22/57 MP: 10/10
  3933 | D:4      | Noticed Menkaure
  3979 | D:5      | Entered Level 5 of the Dungeon
  4082 | D:5      | Reached * piety under Pakellas
  4095 | D:5      | Reached skill level 5 in Short Blades
  4095 | D:5      | Reached skill level 6 in Stealth
  4653 | D:5      | Reached XP level 8. HP: 41/64 MP: 9/9
  4876 | D:5      | Gained mutation: You are partially covered in rough black scales (AC +4, Dex -1). [potion of beneficial mutation]
  4984 | D:6      | Gained mutation: You have a pair of small horns on your head. [potion of mutation]
  4984 | D:6      | Gained mutation: Scrolls take you a little longer to read. [potion of mutation]
  4984 | D:6      | Gained mutation: You are dopey. (Int -2) [potion of mutation]
  5057 | D:6      | Found Uwiyle's Gadget Shoppe.
  5076 | D:6      | Bought a sack of spiders for 220 gold pieces
  5227 | D:6      | Reached skill level 7 in Short Blades
  5235 | D:6      | You fall through a shaft!
  5260 | D:7      | Reached ** piety under Pakellas
  5260 | D:7      | Received a gift from Pakellas
  5410 | D:7      | Noticed Dowan
  5413 | D:7      | Noticed Duvessa
  5452 | D:7      | Killed Duvessa
  5457 | D:7      | Killed Dowan
  5586 | D:7      | Reached skill level 8 in Short Blades
  5706 | D:7      | Noticed Arkorax's ghost (novice HaGl)
  5976 | D:7      | Gained mutation: You passively map the area around you. [Deep Dwarf growth]
  5976 | D:7      | Reached XP level 9. HP: 31/70 MP: 10/10
  6219 | D:7      | Reached skill level 9 in Short Blades
  6594 | D:8      | Reached skill level 10 in Short Blades
  6603 | D:8      | Noticed Joseph
  6621 | D:8      | Reached skill level 1 in Armour
  6667 | D:8      | Killed Joseph
  6786 | D:8      | Reached skill level 5 in Armour
  6941 | D:8      | Noticed Erolcha
  6960 | D:8      | Killed Erolcha
  6960 | D:8      | Reached XP level 10. HP: 52/80 MP: 2/11
  7536 | D:9      | Found Olif's Magic Scroll Shoppe.
  7593 | D:9      | Found Nolewomu's Jewellery Boutique.
  7713 | D:9      | Found Feol's Jewellery Shoppe.
  7721 | D:9      | Bought a +3 ring of protection for 231 gold pieces
  7809 | D:9      | Reached skill level 5 in Dodging
  7863 | D:9      | Reached *** piety under Pakellas
  7863 | D:9      | Reached skill level 5 in Evocations
  8053 | D:9      | Found a staircase to the Lair.
  8232 | D:9      | Found Kioss's Antique Weapon Shop.
  8251 | D:9      | Got a shimmering buckler
  8359 | D:9      | Identified the +3 buckler of Exkut {rCorr} (You found it on level 9 of the Dungeon)
  8372 | D:9      | Identified a scroll of acquirement
  8596 | D:9      | Learned a level 3 spell: Ignite Poison
  8600 | D:9      | Learned a level 3 spell: Mephitic Cloud
  8625 | D:9      | Found Ihoeh's Distillery.
  8808 | Lair:1   | Entered Level 1 of the Lair of Beasts
  8829 | Lair:1   | Reached skill level 1 in Shields
  8872 | Lair:1   | Got a bound bone ring
  8874 | Lair:1   | Identified the ring "Onog Laaziu" {Ice rElec rN++ Int+3 Dex-3} (You found it on level 1 of the Lair of Beasts)
  9102 | Lair:1   | Reached **** piety under Pakellas
  9277 | Lair:1   | Reached skill level 5 in Throwing
  9336 | Lair:1   | Reached XP level 11. HP: 73/90 MP: 12/12
  9451 | Lair:1   | Received a gift from Pakellas
 10322 | D:9      | Bought the ring of Soeguf {+Inv rF+ Str-5 Dex+9 SInv} for 621 gold pieces
 10493 | Lair:2   | Lost mutation: Scrolls take you a little longer to read. [potion of cure mutation]
 10493 | Lair:2   | Lost mutation: You are dopey. (Int -2) [potion of cure mutation]
 10493 | Lair:2   | Lost mutation: You have a pair of small horns on your head. [potion of cure mutation]
 10643 | Lair:2   | Gained mutation: You are weak. (Str -2) [mutagenic glow]
 11100 | D:10     | Entered Level 10 of the Dungeon
 11100 | D:10     | Noticed Erica
 11104 | D:10     | Killed Erica
 11107 | D:10     | Noticed Harold
 11117 | D:10     | Killed Harold
 11154 | D:10     | Noticed a hill giant
 11180 | D:10     | Gained mutation: Your magical capacity is low (-10% MP). [mutagenic glow]
 11185 | D:10     | Killed a hill giant
 11308 | D:10     | Gained mutation: You possess an exceptional clarity of mind. [mutagenic meat]
 11309 | D:10     | Gained mutation: You can translocate small distances at will. [mutagenic meat]
 11310 | D:10     | Gained mutation: You have sharp fingernails. [mutagenic meat]
 11314 | D:10     | Gained mutation: You tend to lose your temper in combat. [mutagenic meat]
 11315 | D:10     | Lost mutation: You possess an exceptional clarity of mind. [mutagenic meat]
 11316 | D:10     | Lost mutation: Your magical capacity is low (-10% MP). [mutagenic meat]
 11317 | D:10     | Lost mutation: You can translocate small distances at will. [potion of cure mutation]
 11317 | D:10     | Lost mutation: You are weak. (Str -2) [potion of cure mutation]
 11317 | D:10     | Lost mutation: You have sharp fingernails. [potion of cure mutation]
 11341 | D:10     | Noticed a hill giant
 11345 | D:10     | Killed a hill giant
 11345 | D:10     | Reached XP level 12. HP: 58/102 MP: 12/14
 11359 | D:10     | Found a roughly hewn altar of Beogh.
 11361 | D:10     | Found a staircase to the Orcish Mines.
 11695 | D:10     | Reached skill level 5 in Fighting
 11695 | D:10     | Reached skill level 10 in Stealth
 11909 | D:10     | You fall through a shaft!
 12301 | Orc:1    | Entered Level 1 of the Orcish Mines
 12523 | Orc:2    | Found a flagged portal.
 12532 | Bailey   | Entered a bailey
 12655 | Bailey   | Gained mutation: You are frail (-10% HP). [mutagenic glow]
 13190 | Orc:3    | Found a frozen archway.
 13236 | IceCv    | Entered an ice cave
 13791 | IceCv    | Reached skill level 10 in Dodging
 14364 | D:9      | Bought a jewelled dagger for 245 gold pieces
 14364 | D:9      | Identified the +8 dagger of the Median {pierce, rPois MR+} (You bought it in a shop on level 9 of the Dungeon)
 15958 | Orc:2    | You fall through a shaft for 2 floors!
 15958 | Orc:4    | Entered Level 4 of the Orcish Mines
 15986 | Orc:4    | Reached skill level 11 in Stealth
 16137 | Orc:3    | Gained mutation: Scrolls take you a little longer to read. [mutagenic glow]
 16151 | Orc:3    | Found a staircase to the Elven Halls.
 16163 | Orc:3    | Gained mutation: Your spells are a little easier to cast, but a little less powerful. [mutagenic glow]
 16169 | Orc:3    | Received a gift from Pakellas
 16265 | Orc:3    | Found a roughly hewn altar of Beogh.
 16744 | Lair:3   | Reached skill level 10 in Evocations
 17183 | Lair:3   | Reached XP level 13. HP: 77/100 MP: 16/16
 17262 | Lair:3   | Reached ***** piety under Pakellas
 17893 | Lair:3   | Found a hole to the Spider Nest.
 18825 | Lair:4   | Reached skill level 12 in Stealth
 20042 | Lair:5   | Found a staircase to the Swamp.
 20446 | Lair:5   | Reached skill level 13 in Stealth
 20934 | Lair:6   | Lost mutation: You are frail (-10% HP). [mutagenic glow]
 21062 | Lair:6   | Gained mutation: You expend magic power (3 MP) to strengthen your wands. [mutagenic glow]
 21294 | Lair:6   | Gained mutation: You resist negative energy. [Deep Dwarf growth]
 21294 | Lair:6   | Reached XP level 14. HP: 87/126 MP: 0/19
 21546 | D:9      | Lost mutation: Scrolls take you a little longer to read. [potion of cure mutation]
 21546 | D:9      | Lost mutation: You are partially covered in rough black scales (AC +4, Dex -1). [potion of cure mutation]
 21546 | D:9      | Lost mutation: You tend to lose your temper in combat. [potion of cure mutation]
 21546 | D:9      | Lost mutation: You expend magic power (3 MP) to strengthen your wands. [potion of cure mutation]
 22026 | Lair:6   | Gained mutation: You have a pair of small antennae on your head. [mutagenic glow]
 23235 | Lair:7   | Gained mutation: Armour fits poorly on your strangely shaped body. [mutagenic glow]
 23676 | Lair:7   | Found a viscous altar of Jiyva.
 23676 | Lair:7   | Found a staircase to the Slime Pits.
 23874 | Lair:7   | Gained mutation: You expend magic power (3 MP) to strengthen your wands. [mutagenic glow]
 24143 | D:9      | Lost mutation: You have a pair of small antennae on your head. [potion of cure mutation]
 24143 | D:9      | Lost mutation: Your spells are a little easier to cast, but a little less powerful. [potion of cure mutation]
 24143 | D:9      | Lost mutation: Armour fits poorly on your strangely shaped body. [potion of cure mutation]
 24143 | D:9      | Lost mutation: You expend magic power (3 MP) to strengthen your wands. [potion of cure mutation]
 24284 | Lair:7   | Noticed Josephine
 24293 | Lair:7   | Killed Josephine
 24293 | Lair:7   | Reached skill level 14 in Stealth
 25031 | Lair:8   | Entered Level 8 of the Lair of Beasts
 26018 | Lair:8   | Received a gift from Pakellas
 26552 | Spider:1 | Entered Level 1 of the Spider Nest
 26555 | Spider:1 | Reached XP level 15. HP: 85/136 MP: 11/21
 26615 | Spider:1 | HP: 2/136 [wolf spider (21)]
 26616 | Spider:1 | XOM: swap monsters
 26647 | Lair:3   | Gained mutation: You are clumsy. (Dex -2) [mutagenic glow]
 27400 | Orc:4    | Found Mudopseps's General Store.
 27402 | Orc:4    | Found Largheif's Distillery.
 27523 | Orc:4    | Gained mutation: Your magical capacity is low (-10% MP). [mutagenic glow]
 27654 | Orc:4    | Gained mutation: Your body sometimes deteriorates upon taking damage. [mutagenic glow]
 27864 | Orc:4    | Upgraded the game from 0.18-a0-641-g4caf58e to 0.18-a0-670-g393520a
 27874 | Orc:4    | Bought a lantern of shadows for 240 gold pieces
 27876 | Orc:4    | Bought a potion of heal wounds for 70 gold pieces
 27876 | Orc:4    | Bought a potion of heal wounds for 70 gold pieces
 28650 | Orc:4    | Found a roughly hewn altar of Beogh.
 28860 | Orc:4    | Identified a +4 rod of the swarm (9/9) (Pakellas gifted it to you on level 3 of the Orcish Mines)
 28922 | Orc:4    | Reached skill level 10 in Fighting
 28936 | Orc:4    | Reached skill level 15 in Stealth
 29100 | Orc:4    | Found Watsyderyi's Book Emporium.
 29100 | Orc:4    | Found Zeidytai's Antique Weapon Shoppe.
 29101 | Orc:4    | Found a one-way gate leading to the halls of Pandemonium.
 29681 | Orc:4    | Bought a potion of curing for 42 gold pieces
 29681 | Orc:4    | Bought a potion of agility for 56 gold pieces
 29681 | Orc:4    | Bought a potion of resistance for 140 gold pieces
 29681 | Orc:4    | Bought a potion of might for 56 gold pieces
 30897 | Spider:2 | XOM: swap monsters
 31150 | Spider:2 | HP: 7/140 [demonic crawler (1)]
 31363 | Spider:2 | Identified Feaphase's Grimoire of the Frostbite and Sinister Secrets
 32739 | D:11     | Got a brightly glowing bronze amulet
 32740 | D:11     | Identified the amulet of Empecoci {Inacc rF+ Str+2 Dex+3} (You found it on level 11 of the Dungeon)
 32897 | D:12     | Got a distressingly furry ring mail
 32908 | D:12     | Identified the cursed +0 ring mail of Pathos {-Cast MR+ Dex+4} (You found it on level 12 of the Dungeon)
 32972 | D:12     | Found a runed door.
 33324 | D:12     | Noticed Maud
 33333 | D:12     | Killed Maud
 33333 | D:12     | Reached XP level 16. HP: 107/148 MP: 8/20
 33802 | D:13     | Found Jacsouna's Armour Shop.
 33849 | D:13     | Found Onimutet's Antique Weapon Emporium.
 33971 | D:13     | Found Akuneuf's Jewellery Shoppe.
 33979 | D:13     | Bought the amulet of Yssyzxet {Stasis Str+6 Dex+4} for 682 gold pieces
 34002 | D:13     | Found Uvvass's Assorted Antiques.
 34023 | D:13     | Bought a scroll labeled ASEH RESETHA for 33 gold pieces
 34130 | D:13     | Found Muyzem's Armour Boutique.
 34463 | D:14     | Received a gift from Pakellas
 34547 | D:14     | Found a gate to the Vaults.
 34708 | D:14     | Reached skill level 16 in Stealth
 34761 | D:14     | Got a clouded bone ring
 34768 | D:14     | Identified the ring of Xipyusau {Fire rPois rN+ Str+2 Int-2} (You found it on level 14 of the Dungeon)
 34869 | D:14     | Reached skill level 15 in Dodging
 35570 | D:15     | Entered Level 15 of the Dungeon
 35851 | D:15     | Reached skill level 17 in Stealth
 36566 | D:15     | Found a staircase to the Depths.
 37686 | Spider:4 | Entered Level 4 of the Spider Nest
 38114 | Spider:4 | Reached skill level 18 in Stealth
 38123 | Spider:4 | Noticed Jorgrun
 38147 | Spider:4 | Killed Jorgrun
 38519 | Spider:4 | Reached XP level 17. HP: 98/154 MP: 3/21
 38717 | Spider:4 | Reached skill level 19 in Stealth
 38753 | Spider:4 | Got a gossamer rune of Zot
 39460 | Swamp:1  | Entered Level 1 of the Swamp
 40755 | Swamp:2  | Reached skill level 20 in Stealth
 41582 | Swamp:3  | Upgraded the game from 0.18-a0-670-g393520a to 0.18-a0-717-g59c076b
 41667 | Swamp:3  | Upgraded the game from 0.18-a0-717-g59c076b to 0.18-a0-750-g37044d6
 41746 | Swamp:3  | Reached skill level 15 in Evocations
 41803 | Swamp:3  | Hired Oxty the big kobold for 109 gold.
 41822 | Swamp:3  | Your ally Oxty died
 42361 | Swamp:4  | Entered Level 4 of the Swamp
 42480 | Swamp:4  | Gained mutation: You are very clumsy. (Dex -4) [mutagenic glow]
 42533 | Swamp:4  | HP: 7/156 [very large slime creature (29)]
 43189 | Swamp:4  | Gained mutation: You passively map a large area around you. [Deep Dwarf growth]
 43189 | Swamp:4  | Reached XP level 18. HP: 116/165 MP: 14/22
 43251 | Swamp:4  | Got a decaying rune of Zot
 44165 | Vaults:1 | Entered Level 1 of the Vaults
 45416 | Vaults:1 | Gained mutation: Your flesh is cold resistant. [mutagenic glow]
 45476 | Vaults:1 | Gained mutation: Scrolls take you a little longer to read. [mutagenic glow]
 47187 | Vaults:2 | Found a flickering gateway to a bazaar.
 47193 | Bazaar   | Entered a bazaar
 47193 | Bazaar   | Found Rirch's Magic Scroll Boutique.
 47193 | Bazaar   | Found Azijiry's Antique Weapon Boutique.
 47389 | Bazaar   | Bought a scroll of recharging for 114 gold pieces
 47389 | Bazaar   | Bought a scroll of enchant armour for 90 gold pieces
 47392 | Bazaar   | Found Xakhufac's Antique Armour Emporium.
 47403 | Bazaar   | Found Kuewnosi's General Store.
 47411 | Bazaar   | Bought the +2 scale mail of the Rabble {MR+ Str+4 Dex+4} for 564 gold pieces
 47477 | Bazaar   | Bought a +2 helmet of intelligence for 279 gold pieces
 47488 | Bazaar   | Found Weticio's Gadget Shop.
 47516 | Bazaar   | Bought a plain deck of summoning for 126 gold pieces
 47516 | Bazaar   | Bought a box of beasts for 180 gold pieces
 47516 | Bazaar   | Bought a phial of floods for 360 gold pieces
 47516 | Bazaar   | Bought a disc of storms for 180 gold pieces
 47554 | Vaults:2 | Received a gift from Pakellas
 48006 | Vaults:2 | Gained mutation: You occasionally shout uncontrollably at your foes. [mutagenic glow]
 48075 | Vaults:2 | Noticed Asterion
 48223 | Vaults:2 | Killed Asterion
 48328 | Vaults:2 | Reached XP level 19. HP: 155/174 MP: 5/23
 48564 | Vaults:2 | Reached skill level 10 in Armour
 48964 | Vaults:3 | Noticed a bone dragon
 49055 | Vaults:3 | Gained mutation: Scrolls take you longer to read. [mutagenic glow]
 49480 | Vaults:3 | Gained mutation: Your body often deteriorates upon taking damage. [mutagenic glow]
 49748 | Vaults:3 | Killed a bone dragon
 50946 | Vaults:3 | Reached skill level 21 in Stealth
 51077 | Vaults:3 | Found a staircase to the Crypt.
 52445 | Vaults:4 | Gained mutation: Your magical capacity is very low (-20% MP). [mutagenic glow]
 52595 | Vaults:4 | Got an encrusted whip
 52598 | Vaults:4 | Identified the +3 whip of the Eel {drain, Dex+4} (You found it on level 4 of the Vaults)
 52999 | Vaults:4 | Reached XP level 20. HP: 92/183 MP: 13/21
 53016 | Vaults:4 | Slain by a vault warden

Vault maps used:
D:1:      minmay_arrival_jagged
D:2:      yredelemnul_altar_generic, gammafunk_temple_overflow_forgotten,
          lemuel_doored_altar
D:3:      nicolae_gozag_cash_rules_everything_around_me, first_bread
D:4:      minmay_temple_entry_glass, minmay_misc_feat_pillars,
          minmay_misc_feat_room, minmay_misc_feat_hallway, uniq_grinder,
          uniq_menkaure
D:5:      kennysheep_generic_room_9
D:6:      grunt_temple_overflow_open, serial_shops, shop_fountains
D:7:      the_bakery, uniq_duvessa
D:8:      uniq_joseph, uniq_erolcha
D:9:      dpeg_lair_monsters, serial_shops, nicolae_shop_behind_doors,
          nicolae_shop_temple_entry_statues_fountains,
          nicolae_shop_competitors_out_of_business, nicolae_shop_statue_plus,
          shop, minivault_16
D:10:     david_orc_5, uniq_erica, uniq_harold
D:12:     kennysheep_treasure_room, uniq_maud
D:13:     serial_shops, shop, nicolae_shop_trees, shop,
          nicolae_shop_statue_plus, shop
D:14:     erik_vaults_2, minmay_door_square, ice2_lemuel
D:15:     grunt_enter_depths_snipers, nicolae_benzene_ring
Temple:   oiseaux_autumnal_temple_12
Lair:1:   beast_lair_carwin_1
Lair:2:   beast_lair_carwin_2
Lair:3:   nicolae_spider_entry_non_spiders, beast_lair_carwin_11,
          lemuel_fruit_fields
Lair:4:   grunt_megastairs_2
Lair:5:   swamp_mist_pool, grunt_megastairs_3
Lair:6:   special_room
Lair:7:   slime_altar_1, minivault_25, zaba_antful_of_joy, uniq_josephine
Lair:8:   hangedman_lair_caniforms_friends
Swamp:1:  evilmike_swamp_ruin_house_4, swamp_pool5
Swamp:2:  infiniplex_staircase_pool
Swamp:3:  nicolae_swamp_stair_fork
Swamp:4:  swamp_basic_johnstein, nicolae_swamp_dragon_and_kin
Spider:2: special_room
Spider:4: spider_rune_water, hive_lemuel, uniq_jorgrun
Orc:1:    nicolae_orc_stony_grotto
Orc:2:    enter_bailey_2
Orc:3:    portal_ice_cave_entry_imps, basic_altar, nicolae_orc_pool_cavern
Orc:4:    pf_orc_diabolical, basic_altar
Vaults:1: ontoclasm_vaults_decontamination, v_misc_18, vaults_room_fours,
          hangedman_vaults_stretched_pinwheel, v_misc_3,
          nicolae_vaults_asterisk, v_misc_33, v_pattern_4,
          vaults_room_door_ring, hangedman_vaults_capsules
Vaults:2: nicolae_vaults_octagons, hangedman_vaults_restitches,
          hangedman_vaults_impose, hangedman_vaults_stream,
          ontoclasm_vaults_ligature, serial_shops, bzr_entry_safe, uniq_asterion
Vaults:3: dpeg_vaults_monster_row, nicolae_vaults_mini_display_case,
          vaults_standard_mumra_enter_the_diamond,
          nicolae_vaults_ninety_degrees, v_misc_2, ontoclasm_vaults_tryst,
          nicolae_vaults_triangles, nicolae_vaults_little_squares_5,
          nicolae_vaults_rhombus_7, v_misc_8, v_misc_16, vaults_dpeg_cross,
          ontoclasm_vaults_pinch, nicolae_vaults_rhombus_5,
          ontoclasm_vaults_fault, minmay_crypt_entry_nasty_monster
Vaults:4: st_quartered_hall, vaults_room_stairs_pillars, hangedman_vaults_slice,
          v_misc_28, vaults_dpeg_ring, ontoclasm_vaults_bender,
          nicolae_vaults_little_squares_2, vaults_standard_mumra_x,
          nicolae_vaults_little_squares_6, v_misc_25,
          hangedman_vaults_restitches
Bazaar:   bazaar_lake
Bailey:   bailey_axe_2, bailey
IceCv:    ice_cave_small_demon

Action                   |  1- 3 |  4- 6 |  7- 9 | 10-12 | 13-15 | 16-18 | 19-21 || total
-------------------------+-------+-------+-------+-------+-------+-------+-------++-------
Melee: Short sword       |    11 |       |       |       |       |       |       ||    11
       Mace              |     9 |       |       |       |       |       |       ||     9
       Dagger            |    56 |    91 |   233 |  1013 |  2127 |  2327 |  1039 ||  6886
       Rapier            |       |       |    21 |       |       |       |       ||    21
       Demon blade       |       |       |       |       |   134 |       |       ||   134
 Fire: Blowgun           |       |    17 |    58 |    39 |    12 |       |       ||   126
Throw: Stone             |    54 |    34 |       |       |       |       |       ||    88
       Tomahawk          |       |     4 |    57 |    78 |   169 |    69 |    26 ||   403
       Javelin           |       |       |       |    14 |    10 |       |       ||    24
Invok: Quick Charge      |       |       |     9 |    12 |    63 |    87 |    32 ||   203
 Abil: Device Recharging |       |       |     2 |     2 |       |       |       ||     4
       Evoke Invisibilit |       |       |       |    37 |    49 |    58 |    21 ||   165
Evoke: Wand              |     1 |     7 |    23 |    57 |   163 |   179 |    84 ||   514
       Sack of spiders   |       |       |       |       |     7 |     3 |     2 ||    12
       Box of beasts     |       |       |       |       |     3 |     4 |     1 ||     8
       Piece from Xom's  |       |       |       |       |     2 |       |       ||     2
       Stone of tremors  |       |       |       |       |     1 |     3 |       ||     4
       Rod               |       |       |       |       |     1 |       |       ||     1
       Lamp of fire      |       |       |       |       |       |     3 |       ||     3
       Deck              |       |       |       |       |       |     2 |     2 ||     4
       Phantom mirror    |       |       |       |       |       |     1 |       ||     1
       Phial of floods   |       |       |       |       |       |       |     2 ||     2
       Disc of storms    |       |       |       |       |       |       |     1 ||     1
  Use: Scroll            |       |    12 |     8 |    11 |     9 |     7 |     2 ||    49
       Potion            |       |       |     5 |     9 |    21 |    17 |       ||    52
 Stab: Sleeping          |     2 |     9 |    20 |    45 |    66 |   108 |     7 ||   257
       Confused          |       |       |     4 |     3 |    38 |    20 |     6 ||    71
       Distracted        |       |       |     1 |     5 |    16 |    16 |     7 ||    45
       Invisible         |       |       |       |   105 |   179 |   205 |    81 ||   570
       Petrifying        |       |       |       |       |     1 |       |       ||     1
       Petrified         |       |       |       |       |     1 |       |       ||     1
       Paralysed         |       |       |       |       |       |     3 |       ||     3
  Eat: Chunk             |     3 |     6 |    11 |    57 |    46 |    33 |    15 ||   171
       Royal jelly       |       |       |       |     1 |     8 |    18 |     1 ||    28
       Beef jerky        |       |       |       |     1 |     1 |     2 |       ||     4
       Bread ration      |       |       |       |     1 |       |       |     2 ||     3
       Meat ration       |       |       |       |       |     7 |     2 |     1 ||    10
       Pizza             |       |       |       |       |     4 |       |       ||     4
       Fruit             |       |       |       |       |       |     4 |     3 ||     7
